 Dungeon Crawl Stone Soup version 0.26-a0-812-g31a745ddcd (webtiles) character file.

Game seed: 9698282572748677054

9629 kae the Grappler (level 11, -3/109 HPs)
             Began as a Troll Monk on Dec 3, 2020.
             Was a High Priest of Makhleb.
             Slain by an 11-headed hydra (6 damage)
             ... on level 11 of the Dungeon.
             The game lasted 00:07:29 (8762 turns).

kae the Grappler (Troll Monk)                       Turns: 8762, Time: 00:07:30

Health: -3/109     AC: 18    Str: 23    XL:     11   Next: 25%
Magic:  15/15      EV: 15    Int:  7    God:    Makhleb [*****.]
Gold:   750        SH:  0    Dex: 24    Spells: 10/10 levels left

rFire    . . .     SeeInvis .     - Unarmed
rCold    . . .     Faith    .   (no shield)
rNeg     . . .     Spirit   .   f - quicksilver dragon scales
rPois    .         Reflect  .   (helmet restricted)
rElec    .         Harm     .   l - +2 cloak {Stlth+}
rCorr    .         Rampage  .   (gloves unavailable)
MR       +....                  (boots unavailable)
Stlth    ++........             I - amulet of regeneration
HPRegen  1.08/turn              j - +6 ring of dexterity
MPRegen  0.14/turn              d - +6 ring of dexterity

@: studying Translocations
A: large, unfitting armour, claws 3, regeneration 1, shaggy fur 1, tough skin 3
a: Minor Destruction, Lesser Servant of Makhleb, Major Destruction, Greater
Servant of Makhleb, Renounce Religion


You were on level 11 of the Dungeon.
You worshipped Makhleb.
Makhleb was extremely pleased with you.
You visited 2 branches of the dungeon, and saw 12 of its levels.
You also visited: Ossuary.

You collected 953 gold pieces.
You spent 203 gold pieces at shops.

Inventory:

Armour
 a - a +0 robe
 f - quicksilver dragon scales (worn)
 l - a +2 cloak of stealth (worn)
Jewellery
 d - a +6 ring of dexterity (right claw)
 j - a +6 ring of dexterity (left claw)
 p - an uncursed amulet of reflection
 F - an uncursed ring of ice
 I - an amulet of regeneration (around neck)
 J - an uncursed ring of protection from magic
Wands
 t - a wand of iceblast (9)
 w - a wand of digging (10)
 z - a wand of flame (43)
 D - a wand of disintegration (16)
 H - a wand of enslavement (10)
 K - a wand of random effects (12)
Scrolls
 c - 3 scrolls of blinking
 i - 5 scrolls of remove curse
 n - 3 scrolls of teleportation
 r - a scroll of enchant armour
 v - 2 scrolls of fog
 A - a scroll of torment {unknown}
 E - 2 scrolls of enchant weapon
 M - a scroll of amnesia
Potions
 b - 11 potions of curing
 e - a potion of flight
 g - a potion of brilliance
 h - 3 potions of mutation
 k - 2 potions of resistance
 m - 3 potions of attraction
 o - 5 potions of heal wounds
 q - a potion of ambrosia
 s - 3 potions of berserk rage
 u - 3 potions of haste {unknown}
 x - 2 potions of might {unknown}
 B - 4 potions of magic
 C - 2 potions of lignification
 N - a potion of invisibility {unknown}
Books
 y - a manual of Translocations


   Skills:
 + Level 7.2 Fighting
 + Level 6.5 Armour
 + Level 7.1 Dodging
 - Level 1.0 Stealth
 + Level 9.0 Unarmed Combat
 * Level 6.8 Invocations


You had 10 spell levels left.
You didn't know any spells.
Your spell library contained the following spells:

 Spells                   Type           Power        Failure   Level
 Animate Skeleton         Necr           #.....       56%         1
 Pain                     Necr           #...         56%         1
 Confusing Touch          Hex            #.......     91%         3
 Gell's Gravitas          Tloc           #.........   91%         3
 Vampiric Draining        Necr           #.........   91%         3
 Animate Dead             Necr           #.........   100%        4
 Petrify                  Tmut/Erth      #.......     100%        4
 Agony                    Necr           #.......     100%        5
 Metabolic Englaciation   Hex/Ice        #.........   100%        5
 Yara's Violent Unravell  Hex/Tmut       #.........   100%        5


Dungeon Overview and Level Annotations

Branches:
Dungeon (11/15)            Temple (1/1) D:6            Lair (0/6) D:8
Ossuary (visited)
    Orc: D:9-12

Altars:
Ashenzari
Cheibriados
Dithmenos
Elyvilon
Fedhas
Gozag
Hepliaklqana
Kikubaaqudgha
Makhleb
Nemelex Xobeh
Okawaru
Qazlal
Ru
Sif Muna
Trog
Uskayaw
Vehumet
Wu Jian
Xom
Yredelemnul
Zin
The Shining One

Shops:
D:4 **??   D:6 *:   D:7 [

Annotations:
D:4 1 runed translucent door, Joseph's ghost, novice DrAE


Innate Abilities, Weirdness & Mutations

You are too large for most types of armour.
You have claws for hands.
Your natural rate of healing is unusually fast.
You are covered in fur. (AC +1)
You have extremely tough skin. (AC +3)


Message History

The ten-headed hydra is lightly wounded.
The troll shouts!
The ten-headed hydra bites you.
* * * LOW HITPOINT WARNING * * *
The ten-headed hydra bites you but does no damage. x2
The ten-headed hydra bites you!
* * * LOW HITPOINT WARNING * * *
The ten-headed hydra barely misses you. The ten-headed hydra bites you!
* * * LOW HITPOINT WARNING * * *
The ten-headed hydra barely misses you. The ten-headed hydra bites you.
* * * LOW HITPOINT WARNING * * *
The ten-headed hydra barely misses you. x2
The iguana bites you but does no damage.
You tear one of the ten-headed hydra's heads off!
The nine-headed hydra grows two more!
You claw the 11-headed hydra!
The 11-headed hydra is moderately wounded.
The 11-headed hydra closely misses you. x3; The 11-headed hydra bites you!
* * * LOW HITPOINT WARNING * * *
The 11-headed hydra bites you.
You die...

#...#.... #...#.... .
#...#.... #'## #...#####
..... #........
..?..###########........
........................
........................
......D@......#####.....
......l######## ######
.T..... ....... .......
##..... #..... #.....


You could see a 11-headed hydra, a troll and an iguana.

Vanquished Creatures
  A two-headed ogre (D:8)
  2 unseen horrors
  Pikel (D:6)
  An ugly thing (D:11)
  A manticore (D:11)
  Psyche (D:10)
  3 trolls
  Grinder (D:4)
  Sigmund (D:2)
  Eustachio (D:6)
  Edmund (D:4)
  A water moccasin (D:8)
  Duvessa (D:5)
  2 ice beasts
  2 orc warriors
  A black bear (D:8)
  A phantom (D:9)
  5 ogres
  3 wolves (D:8)
  7 centaurs
  2 bullfrogs
  A wyvern zombie (D:6)
  Dowan (D:5)
  2 scorpions
  13 killer bees
  10 wights
  5 electric eels
  A howler monkey (D:4)
  A bullfrog zombie (D:8)
  2 centaur skeletons
  8 hounds
  5 jellies
  Crazy Yiuf (D:2)
  A gnoll shaman (D:9)
  5 orc priests
  3 bullfrog skeletons
  6 orc wizards
  2 iguanas
  16 worker ants
  A hound zombie (D:6)
  9 mummies
  4 worker ant zombies
  12 gnolls
  8 adders
  A shadow imp (D:5)
  3 white imps
  2 ufetubi
  An adder zombie (D:8)
  2 worms
  2 dart slugs
  4 leopard geckos
  28 orcs
  2 ball pythons
  6 giant cockroaches
  A gnoll zombie (Ossuary)
  10 goblins
  9 hobgoblins
  9 jackals
  7 kobolds
  7 quokkas
  8 bats
  6 frilled lizards
  A goblin zombie (D:8)
  2 jackal skeletons
  4 kobold zombies (Ossuary)
  A leopard gecko skeleton (D:4)
  4 orc zombies
  10 rats
286 creatures vanquished.

Vanquished Creatures (others)
  6 plants (D:6)
6 creatures vanquished.

Grand Total: 292 creatures vanquished

Notes
Turn   | Place    | Note
-------+----------+-------------------------------------------
     0 | D:1      | kae the Troll Monk began the quest for the Orb.
     0 | D:1      | Reached XP level 1. HP: 22/22 MP: 0/0
   252 | D:1      | Reached XP level 2. HP: 29/29 MP: 1/1
   914 | D:1      | Reached XP level 3. HP: 36/36 MP: 2/2
  1242 | D:2      | Found a broken altar of Ashenzari.
  1324 | D:2      | Noticed Sigmund
  1337 | D:2      | Killed Sigmund
  1337 | D:2      | Reached skill level 1 in Armour
  1337 | D:2      | Reached skill level 4 in Unarmed Combat
  1337 | D:2      | Reached XP level 4. HP: 36/45 MP: 3/3
  1337 | D:2      | Reached XP level 5. HP: 43/53 MP: 4/4
  1696 | D:2      | Found a runed translucent door.
  1697 | D:2      | Noticed Crazy Yiuf
  1797 | D:2      | Killed Crazy Yiuf
  1974 | D:3      | Found a blossoming altar of Fedhas.
  1975 | D:3      | Reached XP level 6. HP: 61/61 MP: 5/5
  2428 | D:4      | Found Ickosear's Magic Scroll Boutique.
  2437 | D:4      | Bought a scroll of identify for 24 gold pieces
  2437 | D:4      | Bought a scroll of remove curse for 36 gold pieces
  2437 | D:4      | Bought a scroll of fog for 24 gold pieces
  2437 | D:4      | Bought a scroll of blinking for 90 gold pieces
  2440 | D:4      | Found Reemyut's Magic Scroll Shoppe.
  2450 | D:4      | Reached skill level 5 in Unarmed Combat
  2489 | D:4      | Found Rogad's General Store.
  2520 | D:4      | Noticed Grinder
  2527 | D:4      | Killed Grinder
  2527 | D:4      | Reached XP level 7. HP: 66/68 MP: 6/6
  2901 | D:4      | Found Bozxou Vohi's General Store.
  3026 | D:4      | Found a runed translucent door.
  3026 | D:4      | Noticed Joseph's ghost (novice DrAE)
  3065 | D:5      | Entered Level 5 of the Dungeon
  3065 | D:5      | Noticed Edmund
  3078 | D:4      | Reached skill level 6 in Unarmed Combat
  3078 | D:4      | Reached XP level 8. HP: 79/79 MP: 7/7
  3108 | D:4      | Killed Edmund
  3487 | D:5      | Noticed Dowan
  3488 | D:5      | Noticed Duvessa
  3497 | D:5      | Killed Duvessa
  3497 | D:5      | Reached skill level 5 in Fighting
  3497 | D:5      | Reached skill level 5 in Dodging
  3503 | D:5      | Killed Dowan
  4140 | D:6      | Reached skill level 7 in Unarmed Combat
  4153 | D:6      | Found a staircase to the Ecumenical Temple.
  4158 | D:6      | Reached XP level 9. HP: 88/88 MP: 8/8
  4191 | Temple   | Entered the Ecumenical Temple
  4527 | Temple   | Became a worshipper of Makhleb the Destroyer
  4527 | Temple   | Reached * piety under Makhleb
  4527 | Temple   | Reached ** piety under Makhleb
  4580 | D:6      | Noticed Pikel
  4589 | D:6      | Killed Pikel
  4589 | D:6      | Reached skill level 1 in Invocations
  4601 | D:6      | Found Yfizitam's Assorted Antiques.
  4610 | D:6      | Bought a fizzy blue potion for 29 gold pieces
  4763 | D:6      | Found Gumapeus's Book Shop.
  4961 | D:6      | Noticed Eustachio
  4991 | D:6      | Killed Eustachio
  4991 | D:6      | Reached skill level 5 in Armour
  5444 | D:7      | Found Guymn's Armour Shop.
  6031 | D:8      | Noticed a troll
  6042 | D:8      | Killed a troll
  6042 | D:8      | Reached XP level 10. HP: 79/98 MP: 11/11
  6045 | D:8      | Reached *** piety under Makhleb
  6138 | D:8      | Found a sand-covered staircase.
  6147 | D:8      | Reached skill level 8 in Unarmed Combat
  6161 | D:8      | Killed an unseen horror
  6282 | Ossuary  | Entered an ossuary
  6366 | Ossuary  | Reached **** piety under Makhleb
  6614 | D:8      | Found a staircase to the Lair.
  6625 | D:8      | Noticed a two-headed ogre
  6635 | D:8      | Killed a two-headed ogre
  6635 | D:8      | Reached skill level 5 in Invocations
  7103 | D:8      | You fall into a shaft and drop 2 floors!
  7103 | D:10     | Entered Level 10 of the Dungeon
  7185 | D:10     | Noticed Psyche
  7200 | D:10     | Killed Psyche
  7663 | D:9      | Found a glowing golden altar of the Shining One.
  7816 | D:9      | Killed an unseen horror
  7816 | D:9      | Reached XP level 11. HP: 109/109 MP: 14/14
  8003 | D:9      | Reached ***** piety under Makhleb
  8739 | D:11     | Noticed a red ugly thing
  8744 | D:11     | Noticed a five-headed hydra
  8751 | D:11     | Killed a red ugly thing
  8751 | D:11     | Reached skill level 9 in Unarmed Combat
  8762 | D:11     | HP: 3/109 [11-headed hydra (7)]
  8762 | D:11     | Slain by an 11-headed hydra

Illustrated notes

Levels and vault maps discovered:
D:1:      dpeg_cavernosity, layout_basic
D:2:      layout_basic, nicolae_ashenzari_panopticon, uniq_sigmund,
          uniq_crazy_yiuf_cottage
D:3:      layout_rooms, old_standard_altar, columned_hall_lemuel
D:4:      layout_cave_pools, gammafunk_ghost_grave, serial_shops, shop,
          shop_scrolls, nicolae_shop_temple_entry_statues_fountains, shop,
          minmay_manual_mares, uniq_grinder
D:5:      minmay_razor_zed, layout_basic, minmay_chambers_of_fives, uniq_edmund,
          uniq_duvessa
D:6:      layout_cave_pools, minmay_temple_entry_tees, serial_bayou,
          serial_bayou_pond_c, serial_bayou_pond_b, serial_bayou_pond_e,
          serial_bayou_shore_b, serial_shops, nicolae_shop_overgrown_old_shop,
          shop_fountains, uniq_pikel, uniq_eustachio
D:7:      layout_basic, serial_shops, shop
D:8:      layout_basic, erik_lair_island, nicolae_ossuary_entry_giza
D:9:      layout_basic, serial_glass, glass_columns_b, glass_columns_b,
          basic_altar
D:10:     layout_small_grid, uniq_psyche
D:11:     layout_irregular_city, hiddenorc1_lemuel
Temple:   roderic_octagonal_lattice_temple

Skill      XL: |  1  2  3  4  5  6  7  8  9 10 11 |
---------------+----------------------------------+-----
Fighting       | 3 4 5 6 7 |  7.2
Armour         | 1 2 3 4 5 6 |  6.5
Dodging        | 3 4 5 6 7 |  7.1
Unarmed Combat | 4 5 6 7 8 9 |  9.0
Invocations    | 3 6 |  6.8
Stealth        | |  1.0

Action                   |  1- 3 |  4- 6 |  7- 9 | 10-12 || total
-------------------------+-------+-------+-------+-------++-------
Melee: Unarmed           |   103 |    95 |   409 |   337 ||   944
       Punch             |     1 |     2 |    19 |    19 ||    41
  Use: Scroll            |       |       |    16 |     7 ||    23
 Stab: Sleeping          |     2 |       |       |     1 ||     3
Armor: Robe              |    17 |       |       |       ||    17
       Quicksilver drago |    42 |    36 |   186 |   193 ||   457
Dodge: Dodged            |    51 |    46 |   233 |   230 ||   560
Block: Other             |       |       |    29 |    68 ||    97
       Reflection        |       |       |       |     2 ||     2

Table legend: (Time is in decaauts)
 A = Elapsed time spent in this place.
 B = Non-inter-level travel time spent in this place.
 C = Inter-level travel time spent in this place.
 D = Time resting spent in this place.
 E = Time spent auto-exploring this place.
 F = Levels seen in this place.
 G = Mean time per level.
                   A        B        C        D        E       F      G
               +--------+--------+--------+--------+--------+-----+--------+
         Total |   8654 |   8247 |    407 |    193 |   6224 |  13 |  665.7 |
       Dungeon |   8091 |   7742 |    349 |    170 |   5825 |  11 |  735.5 |
        Temple |    357 |    299 |     58 |      0 |    297 |   1 |  357.0 |
       Ossuary |    204 |    204 |      0 |     23 |    102 |   1 |  204.0 |
               +--------+--------+--------+--------+--------+-----+--------+

Top non-repeatable levels by time:
     D:1: 1097 daAuts
     D:8: 1064 daAuts
     D:5: 989 daAuts
     D:2: 841 daAuts
     D:7: 784 daAuts
     D:6: 747 daAuts
     D:9: 725 daAuts
     D:4: 663 daAuts
    D:10: 558 daAuts
     D:3: 469 daAuts
  Temple: 357 daAuts
 Ossuary: 204 daAuts
    D:11: 149 daAuts
